 Dungeon Crawl Stone Soup version 0.25-a0-246-g58704a1ebd (webtiles) character file.

Game seed: 8821283452662064157, levelgen mode: deterministic

267 floatRand the Chopper (level 6, 0/44 HPs)
             Began as a Demonspawn Gladiator on Dec 3, 2019.
             Slain by an orc
             ... wielding a +0 trident
              (2 damage)
             ... on level 4 of the Dungeon.
             The game lasted 00:02:09 (2229 turns).

floatRand the Chopper (Demonspawn Gladiator)        Turns: 2229, Time: 00:02:09

Health: 0/44       AC: 10    Str: 16    XL:     6   Next: 0%
Magic:  0/6        EV:  6    Int:  9    God:
Gold:   146        SH:  0    Dex: 15    Spells: 5/5 levels left

rFire    . . .     SeeInvis .   a - +0 war axe
rCold    . . .     Gourm    .   (no shield)
rNeg     . . .     Faith    .   g - +0 plate armour
rPois    .         Spirit   +   (helmet restricted)
rElec    .         Reflect  .   (no cloak)
rCorr    .         Harm     .   (no gloves)
MR       .....                  (no boots)
Stlth    ..........             (no amulet)
HPRegen  0.14/turn              (no ring)
MPRegen  0.20/turn              (no ring)

@: no status effects
A: antennae 1, powered by pain 1, magic shield, magic regeneration
a: no special abilities


You were on level 4 of the Dungeon.
You were not hungry.

You visited 1 branch of the dungeon, and saw 4 of its levels.

You collected 146 gold pieces.

Inventory:

Hand Weapons
 a - a +0 war axe (weapon)
Missiles
 d - 3 throwing nets (quivered)
Armour
 b - a +0 leather armour
 c - a +0 helmet
 g - a +0 plate armour (worn)
 j - a +0 chain mail
Jewellery
 u - an uncursed ring of protection from magic {unknown}
Scrolls
 h - 5 scrolls of identify {unknown}
 i - 4 scrolls of remove curse {unknown}
 k - 2 scrolls of random uselessness {unknown}
 o - a scroll of enchant weapon {unknown}
Potions
 e - a potion of haste {unknown}
 l - 2 potions of curing {unknown}
 m - a potion of brilliance {unknown}
 n - 2 potions of agility {unknown}
 p - a potion of resistance {unknown}
 q - a potion of lignification {unknown}
 r - a potion of berserk rage {unknown}
 t - 2 potions of might {unknown}
Comestibles
 f - 6 rations
 s - 3 chunks of flesh


   Skills:
 - Level 2.0 Fighting
 * Level 5.2 Axes
 - Level 1.7 Throwing
 + Level 1.6 Armour
 - Level 3.6 Dodging


You had 5 spell levels left.
You didn't know any spells.
Your spell library was empty.

Dungeon Overview and Level Annotations

Branches:
Dungeon (4/15)
 Temple: D:4-7

Altars:
Cheibriados
Gozag
Sif Muna
Vehumet
Yredelemnul

Annotations:
D:3 1 runed translucent door, bmj180's ghost, amateur DrCj


Innate Abilities, Weirdness & Mutations

You have a pair of small antennae on your head.
You sometimes gain a little power by taking damage.
When hurt, damage is shared between your health and your magic reserves.
You regenerate magic rapidly.


Message History

You slash the iguana!
You kill the iguana!
You have reached level 6!
Your experience leads to an increase in your attributes!
Increase (S)trength, (I)ntelligence, or (D)exterity?
You feel stronger.
Your demonic ancestry asserts itself...
You feel your magic shroud grow more resilient.
The orc hits you but does no damage. The orc hits you with a +0 trident.
* * * LOW HITPOINT WARNING * * *
You barely miss the orc. The orc hits you with a +0 trident.
* * * LOW HITPOINT WARNING * * *
Unknown command.
You closely miss the orc. The orc hits you but does no damage.
You hit the orc.
The orc is moderately wounded.
The orc hits you with a +0 trident.
* * * LOW HITPOINT WARNING * * *
The orc hits you with a +0 trident.
You die...

#.##
###...#
#.....
#.#...
#)##.#
#.##.#
#)##.##
#.<...#
####@.#
#o.......
##.######
.# .# ..
.# .#


You could see an orc.

Vanquished Creatures
  A centaur (D:2)
  2 orc wizards (D:4)
  An orc priest (D:4)
  An iguana (D:4)
  2 adders (D:2)
  2 oozes (D:3)
  A worm (D:2)
  2 dart slugs
  2 leopard geckos
  An orc (D:4)
  5 bats
  2 giant cockroaches
  5 goblins
  3 hobgoblins
  3 jackals (D:3)
  3 kobolds (D:2)
  A ball python (D:2)
  5 frilled lizards
  2 rats (D:1)
44 creatures vanquished.

Notes
Turn   | Place    | Note
-------+----------+-------------------------------------------
     0 | D:1      | floatRand the Demonspawn Gladiator began the quest for the
                  | Orb.
     0 | D:1      | Reached XP level 1. HP: 16/16 MP: 1/1
   131 | D:1      | Reached skill level 3 in Axes
   161 | D:1      | Gained mutation: You have a pair of small antennae on your
                  | head. [demonic ancestry]
   161 | D:1      | Reached XP level 2. HP: 22/22 MP: 2/2
   709 | D:2      | Noticed a centaur
   718 | D:2      | Killed a centaur
   718 | D:2      | Reached skill level 4 in Axes
   718 | D:2      | Gained mutation: You sometimes gain a little power by
                  | taking damage. [demonic ancestry]
   718 | D:2      | Reached XP level 3. HP: 19/27 MP: 3/3
   718 | D:2      | Reached XP level 4. HP: 23/33 MP: 4/4
  1302 | D:2      | Found a shimmering blue altar of Sif Muna.
  1305 | D:2      | Found a snail-covered altar of Cheibriados.
  1305 | D:2      | Found a radiant altar of Vehumet.
  1308 | D:2      | Found an opulent altar of Gozag.
  1309 | D:2      | Found a basalt altar of Yredelemnul.
  1595 | D:3      | Found a runed translucent door.
  1598 | D:3      | Noticed bmj180's ghost (amateur DrCj)
  1732 | D:3      | Gained mutation: When hurt, damage is shared between your
                  | health and your magic reserves. [demonic ancestry]
  1732 | D:3      | Reached XP level 5. HP: 37/38 MP: 5/5
  2183 | D:4      | Reached skill level 5 in Axes
  2183 | D:4      | Reached skill level 1 in Armour
  2225 | D:4      | Gained mutation: You regenerate magic rapidly. [demonic
                  | ancestry]
  2225 | D:4      | Reached XP level 6. HP: 8/44 MP: 1/6
  2229 | D:4      | HP: 2/44 [orc/+0 trident (4)]
  2229 | D:4      | Slain by an orc

Levels and vault maps discovered:
D:1:      giann_wishing_wells, layout_loops_ring
D:2:      layout_basic, grunt_temple_overflow_open, first_ration,
          minmay_misc_feat_cross
D:3:      layout_basic, ebering_ghost_sewer_d, serial_glass, glass_columns_a,
          glass_columns_a, corexii_corridor_pit, fountainhead
D:4:      cheibrodos_quashed, layout_loops_ring, nicolae_tso_besieged_by_evil

Skill      XL: |  1  2  3  4  5 |
---------------+----------------+-----
Axes           | 3 4 5 |  5.2
Dodging        | 3 |  3.6
Armour         | 1 |  1.6
Fighting       | |  2.0
Throwing       | |  1.7

Action                   |  1- 3 |  4- 6 || total
-------------------------+-------+-------++-------
Melee: War axe           |    37 |   111 ||   148
  Eat: Chunk             |       |     4 ||     4
Armor: Leather armour    |     7 |       ||     7
       Chain mail        |    21 |    35 ||    56
       Plate armour      |       |    70 ||    70
Dodge: Dodged            |    26 |    39 ||    65

Table legend:
 A = Non-vault XP
 B = Vault XP
 C = Vault XP percentage of total XP
 D = Non-vault monster count
 E = Vault monster count
 F = Vault count percentage of total count
                 A         B        C        D         E       F
            +---------+---------+-------+---------+---------+-------
      Total |     382 |       0 |   0.0 |      44 |       0 |   0.0
            +---------+---------+-------+---------+---------+-------
        D:1 |      19 |       0 |   0.0 |      12 |       0 |   0.0
        D:2 |     167 |       0 |   0.0 |      15 |       0 |   0.0
        D:3 |      32 |       0 |   0.0 |      11 |       0 |   0.0
        D:4 |     164 |       0 |   0.0 |       6 |       0 |   0.0
            +---------+---------+-------+---------+---------+-------
